Workbook

Sheet Ficha_Técnica
A1: CLASIFICACIÓN UNSPSC | B1: DESCRIPCIÓN
A2: 20102301 | B2: Transporte de personal
A3: 47131700 | B3: Suministro para aseo
A4: 90101600 | B4: Servicios de cátering
A5: 93111501 | B5: Hoteles
A6: 80111623 | B6: Servicios temporales de compra y de logística
A7: 93131608 | B7: Servicio de suministro de alimentos
A8: 43210000 | B8: Equipos y accesorios informáticos
A9: 14111500 | B9: Papel de impresión y escritura
A10: 44120000 | B10: Suministros de oficina

Sheet PROVEEDOR_No_1
A1: COMERCIALIZADORA E INVERSIONES D.O.
A2: CONSOLIDADO - FICHA TÉCNICA DE SERVICIOS Y PRODUCTOS
A3: ÍTEM | B3: DETALLE / PRODUCTO | C3: UNIDAD DE MEDIDA | D3: CANT | E3: VALOR SERVIDO EN RESTAURANTE | F3: VALOR SERVIDO EN BIODEGRADABLE
A4: 1. ALIMENTACIÓN
A5: 1.1 | B5: DESAYUNO 1 | C5: unidad | D5: 1 | E5: 24000 | F5: 27000
B6: Proteína 1: huevo cocido, frito o revuelto
B7: Proteína 2: queso, quesito o cuajada
B8: Carbohidrato: arepa o pan, o galletas o buñuelo
B9: Bebida: chocolate, café, café con leche o aguapanela
A10: 1.2 | B10: DESAYUNO 2 | C10: unidad | D10: 1 | E10: 27000 | F10: 30000
B11: Proteína 1: huevo cocido, frito o revuelto
B12: Proteína 2: carne de res o cerdo o pollo o chicharrón
B13: Proteína 3: queso, quesito o cuajada
B14: Carbohidrato 1: arepa o pan, o galletas o buñuelo
B15: Carbohidrato 2: arroz, calentado
B16: Bebida: chocolate, café, café con leche o aguapanela
A17: 1.3 | B17: ALMUERZO 1 | C17: unidad | D17: 1 | E17: 29000 | F17: 32000
B18: Proteína 1: (carne de res o cerdo, pollo o pescado)
B19: Proteína 2: (huevo cocido o frito)
B20: Carbohidrato 1: arroz
B21: Carbohidrato 2: (papa en migote, papas fritas o tajadas de maduro)
B22: Sopa: (frijoles, lentejas, arvejas, garbanzos, verduras, mondongo, pastas, guineo, patacón, sancocho, cremas o la sopa del día) Ensalada: (la del día) Bebida: (limonada, o jugo en agua, mazamorra o claro)
A23: 1.4 | B23: ALMUERZO 2: | C23: unidad | D23: 1 | E23: 27000 | F23: 30000
B24: Proteína 1: carne de res, cerdo o pollo o chicharrón.
B25: Carbohidrato1: arroz
B26: Sopa: compuesta con yuca, plátano, papa común y papa criolla
B27: Ensalada: la del día
B28: Acompañante: aguacate o banano o arepa
B29: Bebida: limonada, jugo natural, te, mazamorra o claro
A30: 1.5 | B30: CENA | C30: unidad | D30: 1 | E30: 27000 | F30: 30000
B31: Proteína 1: (carne de res o cerdo, pollo o pescado)
B32: Proteína 2: (huevo cocido o frito)
B33: Carbohidrato 1: arroz
B34: Carbohidrato 2: (papa en migote, papas fritas o tajadas de maduro)
B35: Sopa: (frijoles, lentejas, arvejas, garbanzos, verduras, mondongo, pastas, guineo, patacón, sancocho, cremas o la sopa del día)
B36: Ensalada: (la del día)
B37: Bebida: (limonada, jugo en agua, mazamorra o claro)
A38: 1.6 | B38: ALMUERZO O CENA ENVUELTO | C38: unidad | D38: 1 | E38: 35000 | F38: 38000
B39: Proteína 1: carne de res o cerdo o pollo o Chicharrón(2 opciones)
B40: Proteína 2: chorizo de cerdo, pollo o ternera
B41: Proteína 3: huevo cocido o frito
B42: Carbohidrato 1: arroz
B43: Carbohidrato 2: papa en migote, papas frita o migote de yuca
B44: Carbohidrato 3: tajadas de maduro o maduro calado
B45: Bebida: limonada, jugo natural o jugo con fruta o néctar o té
A46: 1.7 | B46: REFRIGERIO 1 | C46: unidad | D46: 1 | E46: 18000 | F46: 22000
B47: Solido 1: Sanduche de jamón y queso o pastel hojaldrado sencillo o palito de queso o pastel de pollo frito o porción de torta o productos de repostería o panadería.
B48: Liquido: jugo natural en agua, milo, chocolate o néctar o te
A49: 1.8 | B49: REFRIGERIO 2 | C49: unidad | D49: 1 | E49: 22000 | F49: 25000
B50: Opción 1: Sanduche de pollo con verduras, pastel hojaldrado de pollo con verduras, patacón con carne desmechada, fajitas, porción de pollo asado con papa y arepa o chorizo con papa y arepa
B51: Opción 2: ensalada de frutas con helado
B52: Liquido: jugo natural en agua, milo frio o caliente, chocolate o néctar o té
A53: 1.9 | B53: *Opción de refrigerio: salpicón con helado | C53: unidad | D53: 1 | E53: 16000 | F53: 19000
A54: 1.10 | B54: Estación de café: café, aromática, panelita con lo requerido para servir (vasos desechables biodegradables, agitadores de madera y sobres de azúcar) para 100 personas. | C54: Global | D54: 1 | E54: 250000 | F54: N/A
A55: 1.11 | B55: HIDRATACIÓN 1 | C55: Global | D55: 1 | E55: 17000 | F55: N/A
B56: Botella de agua 600ml + chocolatina de leche x 12 gr - fruta (pera, manzana, granadilla, mandarina o de cosecha)"
A57: 1.12 | B57: Hidratación 2: botella de agua 600ml | C57: Unidad | D57: 1 | E57: 4000 | F57: N/A
A58: 2. INSUMOS Y LOGÍSTICA | C58: Unidad de Medida | D58: CANT | E58: Consolidado / Valor total IVA incluido
A59: 2.1 | B59: Alquiler de mesas en material de pasta especializada para eventos, capacidad para Seis (6) personas | C59: Unidad | D59: 1 | E59: 30000
A60: 2.2 | B60: Alquiler de mesas en material de vidrio especializada para eventos, capacidad para Seis (6) personas | C60: Unidad | D60: 1 | E60: 45000
A61: 2.3 | B61: Alquiler de silla plástica | C61: Unidad | D61: 1 | E61: 5000
A62: 2.4 | B62: Papel higiénico x 3 hojas, paquete x 12 unidades | C62: Paquete | D62: 1 | E62: 29000
A63: 2.5 | B63: Bolsa de basura paquete x 10 unidades | C63: Paquete | D63: 1 | E63: 25000
A64: 2.6 | B64: Servicio de logística a todo costo: incluye personal, transporte, materiales, montaje y desmontaje de auditorios y espacios, aseo y limpieza antes, durante y después de los eventos. | C64: Paquete | D64: 1 | E64: 550000
A65: 3. SERVICIO DE ALOJAMIENTO | C65: Unidad de Medida | D65: CANT | E65: Consolidado / Valor total IVA incluido
A66: 3.1 | B66: Habitación sencilla: (1) cama de 1,40 mts mínimo, baño privado y televisor. | C66: Unidad | D66: 1 | E66: 95000
A67: 3.2 | B67: Habitación sencilla: (2) camas de 1,20 mts mínimo, baño privado y televisor. | C67: Unidad | D67: 1 | E67: 140000
A68: 4. TRANSPORTE DE PERSONAL | C68: Unidad de Medida | D68: CANT | E68: Consolidado / Valor total IVA incluido
A69: 4.1 | B69: Corregimiento de Liberia (Charcón) | C69: Viaje | D69: 1 | E69: 5000000
A70: 4.2 | B70: Vereda Madreseca | C70: Viaje | D70: 1 | E70: 2700000
A71: 4.3 | B71: Vereda El Carmín | C71: Viaje | D71: 1 | E71: 2200000
A72: 4.4 | B72: Vereda Santo Domingo | C72: Viaje | D72: 1 | E72: 2200000
A73: 4.5 | B73: Vereda La Meseta | C73: Viaje | D73: 1 | E73: 2200000
A74: 4.6 | B74: Vereda El Roble | C74: Viaje | D74: 1 | E74: 1200000
A75: 4.7 | B75: Vereda La Casita | C75: Viaje | D75: 1 | E75: 2700000
A76: 5. INSUMOS, PAPELERIA Y EQUIPOS TECNOLOGICOS | C76: Unidad de Medida | D76: CANT | E76: Consolidado / Valor total IVA incluido
A77: 5.1 | B77: Computador mesa (Almacenamiento SSD de 1ther, RAM de 16, procesador Core ¡7 ultima generación o AMD ryzen 7, sistema operativo Windows 11) | C77: Unidad | D77: 1 | F77: 6819000
A78: 5.2 | B78: Computador portatil (Almacenamiento SSD de 1ther, RAM de 16, procesador Core ¡7 ultima generación o AMD ryzen 7, sistema operativo Windows 11) | C78: Unidad | D78: 1 | F78: 9280000
A79: 5.3 | B79: Remas de papel tamaño oficio | C79: Unidad | D79: 8 | F79: 296000
A80: 5.4 | B80: Remas de papel tamaño carta | C80: Unidad | D80: 5 | F80: 140000
A81: 5.5 | B81: Carpetas cuatro aletas | C81: Unidad | D81: 200 | F81: 760000
A82: 5.6 | B82: Tablas de apoyo tamaño oficio | C82: Unidad | D82: 10 | F82: 75000
A83: 5.7 | B83: Paquetes por 100 sobres de manila tamaño oficio | C83: Unidad | D83: 2 | F83: 110000
A84: 5.8 | B84: Paquetes por 100 sobres de manila tamaño carta | C84: Unidad | D84: 1 | F84: 35000
A85: 5.9 | B85: Paquetes por 100 sobres de manila tamaño mega oficio | C85: Unidad | D85: 1 | F85: 85000
A86: 5.10 | B86: Toner impresora RICOH M 320F | C86: Unidad | D86: 1 | F86: 560000
A87: 5.11 | B87: Unidad de imagen RICOH M 320F | C87: Unidad | D87: 1 | F87: 1315000
A88: 5.12 | B88: Caja lapiceros negros | C88: Unidad | D88: 1 | F88: 11500
... A105: 5.29 | B105: Arca Triclave 90cm alto x 80cm ancho x 80cm largo | C105: Unidad | D105: 1 | F105: 2610000
A106: TOTAL INSUMOS, PAPELERIA Y EQUIPOS TECNOLOGICOS | E106: 25424100

Sheet PROVEEDOR_No_2
A1: SOLUCIONES ANGEL DE MURANO ZOMAC SAS
A2: CONSOLIDADO - FICHA TÉCNICA DE SERVICIOS Y PRODUCTOS
A3: ÍTEM | B3: DETALLE / PRODUCTO | C3: UNIDAD DE MEDIDA | D3: CANT | E3: VALOR SERVIDO EN RESTAURANTE | F3: VALOR SERVIDO EN BIODEGRADABLE
A4: 1. ALIMENTACIÓN
A5: 1.1 | B5: DESAYUNO 1 | C5: unidad | D5: 1 | E5: 24000 | F5: 27500
B6: Proteína 1: huevo cocido, frito o revuelto
B7: Proteína 2: queso, quesito o cuajada
B8: Carbohidrato: arepa o pan, o galletas o buñuelo
B9: Bebida: chocolate, café, café con leche o aguapanela
A10: 1.2 | B10: DESAYUNO 2 | C10: unidad | D10: 1 | E10: 26500 | F10: 30000
B11: Proteína 1: huevo cocido, frito o revuelto
B12: Proteína 2: carne de res o cerdo o pollo o chicharrón
B13: Proteína 3: queso, quesito o cuajada
B14: Carbohidrato 1: arepa o pan, o galletas o buñuelo
B15: Carbohidrato 2: arroz, calentado
B16: Bebida: chocolate, café, café con leche o aguapanela
A17: 1.3 | B17: ALMUERZO 1 | C17: unidad | D17: 1 | E17: 28500 | F17: 32000
B18: Proteína 1: (carne de res o cerdo, pollo o pescado)
B19: Proteína 2: (huevo cocido o frito)
B20: Carbohidrato 1: arroz
B21: Carbohidrato 2: (papa en migote, papas fritas o tajadas de maduro)
B22: Sopa: (frijoles, lentejas, arvejas, garbanzos, verduras, mondongo, pastas, guineo, patacón, sancocho, cremas o la sopa del día) Ensalada: (la del día) Bebida: (limonada, o jugo en agua, mazamorra o claro)
A23: 1.4 | B23: ALMUERZO 2: | C23: unidad | D23: 1 | E23: 27500 | F23: 31000
B24: Proteína 1: carne de res, cerdo o pollo o chicharrón.
B25: Carbohidrato1: arroz
B26: Sopa: compuesta con yuca, plátano, papa común y papa criolla
B27: Ensalada: la del día
B28: Acompañante: aguacate o banano o arepa
B29: Bebida: limonada, jugo natural, te, mazamorra o claro
A30: 1.5 | B30: CENA | C30: unidad | D30: 1 | E30: 28000 | F30: 31000
B31: Proteína 1: (carne de res o cerdo, pollo o pescado)
B32: Proteína 2: (huevo cocido o frito)
B33: Carbohidrato 1: arroz
B34: Carbohidrato 2: (papa en migote, papas fritas o tajadas de maduro)
B35: Sopa: (frijoles, lentejas, arvejas, garbanzos, verduras, mondongo, pastas, guineo, patacón, sancocho, cremas o la sopa del día)
B36: Ensalada: (la del día)
B37: Bebida: (limonada, jugo en agua, mazamorra o claro)
A38: 1.6 | B38: ALMUERZO O CENA ENVUELTO | C38: unidad | D38: 1 | E38: 35000 | F38: 40000
B39: Proteína 1: carne de res o cerdo o pollo o Chicharrón(2 opciones)
B40: Proteína 2: chorizo de cerdo, pollo o ternera
B41: Proteína 3: huevo cocido o frito
B42: Carbohidrato 1: arroz
B43: Carbohidrato 2: papa en migote, papas frita o migote de yuca
B44: Carbohidrato 3: tajadas de maduro o maduro calado
B45: Bebida: limonada, jugo natural o jugo con fruta o néctar o té
A46: 1.7 | B46: REFRIGERIO 1 | C46: unidad | D46: 1 | E46: 18000 | F46: 21000
B47: Solido 1: Sanduche de jamón y queso o pastel hojaldrado sencillo o palito de queso o pastel de pollo frito o porción de torta o productos de repostería o panadería.
B48: Liquido: jugo natural en agua, milo, chocolate o néctar o te
A49: 1.8 | B49: REFRIGERIO 2 | C49: unidad | D49: 1 | E49: 22000 | F49: 24000
B50: Opción 1: Sanduche de pollo con verduras, pastel hojaldrado de pollo con verduras, patacón con carne desmechada, fajitas, porción de pollo asado con papa y arepa o chorizo con papa y arepa
B51: Opción 2: ensalada de frutas con helado
B52: Liquido: jugo natural en agua, milo frio o caliente, chocolate o néctar o té
A53: 1.9 | B53: *Opción de refrigerio: salpicón con helado | C53: unidad | D53: 1 | E53: 16500 | F53: 19000
A54: 1.10 | B54: Estación de café: café, aromática, panelita con lo requerido para servir (vasos desechables biodegradables, agitadores de madera y sobres de azúcar) para 100 personas. | C54: Global | D54: 1 | E54: 250000 | F54: N/A
A55: 1.11 | B55: HIDRATACIÓN 1 | C55: Global | D55: 1 | E55: 17000 | F55: N/A
B56: Botella de agua 600ml + chocolatina de leche x 12 gr - fruta (pera, manzana, granadilla, mandarina o de cosecha)"
A57: 1.12 | B57: Hidratación 2: botella de agua 600ml | C57: Unidad | D57: 1 | E57: 4000 | F57: N/A
A58: 2. INSUMOS Y LOGÍSTICA | C58: Unidad de Medida | D58: CANT | E58: Consolidado / Valor total IVA incluido
A59: 2.1 | B59: Alquiler de mesas en material de pasta especializada para eventos, capacidad para Seis (6) personas | C59: Unidad | D59: 1 | E59: 30000
A60: 2.2 | B60: Alquiler de mesas en material de vidrio especializada para eventos, capacidad para Seis (6) personas | C60: Unidad | D60: 1 | E60: 45000
A61: 2.3 | B61: Alquiler de silla plástica | C61: Unidad | D61: 1 | E61: 5000
A62: 2.4 | B62: Papel higiénico x 3 hojas, paquete x 12 unidades | C62: Paquete | D62: 1 | E62: 29000
A63: 2.5 | B63: Bolsa de basura paquete x 10 unidades | C63: Paquete | D63: 1 | E63: 25000
A64: 2.6 | B64: Servicio de logística a todo costo: incluye personal, transporte, materiales, montaje y desmontaje de auditorios y espacios, aseo y limpieza antes, durante y después de los eventos. | C64: Paquete | D64: 1 | E64: 550000
A65: 3. SERVICIO DE ALOJAMIENTO | C65: Unidad de Medida | D65: CANT | E65: Consolidado / Valor total IVA incluido
A66: 3.1 | B66: Habitación sencilla: (1) cama de 1,40 mts mínimo, baño privado y televisor. | C66: Unidad | D66: 1 | E66: 95000
A67: 3.2 | B67: Habitación sencilla: (2) camas de 1,20 mts mínimo, baño privado y televisor. | C67: Unidad | D67: 1 | E67: 140000
A68: 4. TRANSPORTE DE PERSONAL | C68: Unidad de Medida | D68: CANT | E68: Consolidado / Valor total IVA incluido
A69: 4.1 | B69: Corregimiento de Liberia (Charcón) | C69: Viaje | D69: 1 | E69: 4850000
A70: 4.2 | B70: Vereda Madreseca | C70: Viaje | D70: 1 | E70: 2700000
A71: 4.3 | B71: Vereda El Carmín | C71: Viaje | D71: 1 | E71: 2050000
A72: 4.4 | B72: Vereda Santo Domingo | C72: Viaje | D72: 1 | E72: 2000000
A73: 4.5 | B73: Vereda La Meseta | C73: Viaje | D73: 1 | E73: 2000000
A74: 4.6 | B74: Vereda El Roble | C74: Viaje | D74: 1 | E74: 1100000
A75: 4.7 | B75: Vereda La Casita | C75: Viaje | D75: 1 | E75: 2600000
A76: 5. INSUMOS, PAPELERIA Y EQUIPOS TECNOLOGICOS | C76: Unidad de Medida | D76: CANT | E76: Consolidado / Valor total IVA incluido
A77: 5.1 | B77: Computador mesa (Almacenamiento SSD de 1ther, RAM de 16, procesador Core ¡7 ultima generación o AMD ryzen 7, sistema operativo Windows 11) | C77: Unidad | D77: 1 | F77: 6819000
A78: 5.2 | B78: Computador portatil (Almacenamiento SSD de 1ther, RAM de 16, procesador Core ¡7 ultima generación o AMD ryzen 7, sistema operativo Windows 11) | C78: Unidad | D78: 1 | F78: 9280000
A79: 5.3 | B79: Remas de papel tamaño oficio | C79: Unidad | D79: 8 | F79: 296000
A80: 5.4 | B80: Remas de papel tamaño carta | C80: Unidad | D80: 5 | F80: 140000
A81: 5.5 | B81: Carpetas cuatro aletas | C81: Unidad | D81: 200 | F81: 760000
A82: 5.6 | B82: Tablas de apoyo tamaño oficio | C82: Unidad | D82: 10 | F82: 75000
A83: 5.7 | B83: Paquetes por 100 sobres de manila tamaño oficio | C83: Unidad | D83: 2 | F83: 110000
A84: 5.8 | B84: Paquetes por 100 sobres de manila tamaño carta | C84: Unidad | D84: 1 | F84: 35000
A85: 5.9 | B85: Paquetes por 100 sobres de manila tamaño mega oficio | C85: Unidad | D85: 1 | F85: 85000
A86: 5.10 | B86: Toner impresora RICOH M 320F | C86: Unidad | D86: 1 | F86: 560000
A87: 5.11 | B87: Unidad de imagen RICOH M 320F | C87: Unidad | D87: 1 | F87: 1315000
A88: 5.12 | B88: Caja lapiceros negros | C88: Unidad | D88: 1 | F88: 11500
... A105: 5.29 | B105: Arca Triclave 90cm alto x 80cm ancho x 80cm largo | C105: Unidad | D105: 1 | F105: 2610000
A106: TOTAL INSUMOS, PAPELERIA Y EQUIPOS TECNOLOGICOS | E106: 25424100

Sheet PROVEEDOR_No_3
A2: CONSOLIDADO - FICHA TÉCNICA DE SERVICIOS Y PRODUCTOS
A3: ÍTEM | B3: DETALLE / PRODUCTO | C3: UNIDAD DE MEDIDA | D3: CANT | E3: VALOR SERVIDO EN RESTAURANTE | F3: VALOR SERVIDO EN BIODEGRADABLE
A4: 1. ALIMENTACIÓN
A5: 1.1 | B5: DESAYUNO 1 | C5: unidad | D5: 1 | E5: 24500 | F5: 27000
B6: Proteína 1: huevo cocido, frito o revuelto
B7: Proteína 2: queso, quesito o cuajada
B8: Carbohidrato: arepa o pan, o galletas o buñuelo
B9: Bebida: chocolate, café, café con leche o aguapanela
A10: 1.2 | B10: DESAYUNO 2 | C10: unidad | D10: 1 | E10: 27000 | F10: 30000
B11: Proteína 1: huevo cocido, frito o revuelto
B12: Proteína 2: carne de res o cerdo o pollo o chicharrón
B13: Proteína 3: queso, quesito o cuajada
B14: Carbohidrato 1: arepa o pan, o galletas o buñuelo
B15: Carbohidrato 2: arroz, calentado
B16: Bebida: chocolate, café, café con leche o aguapanela
A17: 1.3 | B17: ALMUERZO 1 | C17: unidad | D17: 1 | E17: 29000 | F17: 32000
B18: Proteína 1: (carne de res o cerdo, pollo o pescado)
B19: Proteína 2: (huevo cocido o frito)
B20: Carbohidrato 1: arroz
B21: Carbohidrato 2: (papa en migote, papas fritas o tajadas de maduro)
B22: Sopa: (frijoles, lentejas, arvejas, garbanzos, verduras, mondongo, pastas, guineo, patacón, sancocho, cremas o la sopa del día) Ensalada: (la del día) Bebida: (limonada, o jugo en agua, mazamorra o claro)
A23: 1.4 | B23: ALMUERZO 2: | C23: unidad | D23: 1 | E23: 27000 | F23: 30000
B24: Proteína 1: carne de res, cerdo o pollo o chicharrón.
B25: Carbohidrato1: arroz
B26: Sopa: compuesta con yuca, plátano, papa común y papa criolla
B27: Ensalada: la del día
B28: Acompañante: aguacate o banano o arepa
B29: Bebida: limonada, jugo natural, te, mazamorra o claro
A30: 1.5 | B30: CENA | C30: unidad | D30: 1 | E30: 27000 | F30: 30000
B31: Proteína 1: (carne de res o cerdo, pollo o pescado)
B32: Proteína 2: (huevo cocido o frito)
B33: Carbohidrato 1: arroz
B34: Carbohidrato 2: (papa en migote, papas fritas o tajadas de maduro)
B35: Sopa: (frijoles, lentejas, arvejas, garbanzos, verduras, mondongo, pastas, guineo, patacón, sancocho, cremas o la sopa del día)
B36: Ensalada: (la del día)
B37: Bebida: (limonada, jugo en agua, mazamorra o claro)
A38: 1.6 | B38: ALMUERZO O CENA ENVUELTO | C38: unidad | D38: 1 | E38: 35000 | F38: 38000
B39: Proteína 1: carne de res o cerdo o pollo o Chicharrón(2 opciones)
B40: Proteína 2: chorizo de cerdo, pollo o ternera
B41: Proteína 3: huevo cocido o frito
B42: Carbohidrato 1: arroz
B43: Carbohidrato 2: papa en migote, papas frita o migote de yuca
B44: Carbohidrato 3: tajadas de maduro o maduro calado
B45: Bebida: limonada, jugo natural o jugo con fruta o néctar o té
A46: 1.7 | B46: REFRIGERIO 1 | C46: unidad | D46: 1 | E46: 20000 | F46: 22000
B47: Solido 1: Sanduche de jamón y queso o pastel hojaldrado sencillo o palito de queso o pastel de pollo frito o porción de torta o productos de repostería o panadería.
B48: Liquido: jugo natural en agua, milo, chocolate o néctar o te
A49: 1.8 | B49: REFRIGERIO 2 | C49: unidad | D49: 1 | E49: 22000 | F49: 25000
B50: Opción 1: Sanduche de pollo con verduras, pastel hojaldrado de pollo con verduras, patacón con carne desmechada, fajitas, porción de pollo asado con papa y arepa o chorizo con papa y arepa
B51: Opción 2: ensalada de frutas con helado
B52: Liquido: jugo natural en agua, milo frio o caliente, chocolate o néctar o té
A53: 1.9 | B53: *Opción de refrigerio: salpicón con helado | C53: unidad | D53: 1 | E53: 16000 | F53: 19000
A54: 1.10 | B54: Estación de café: café, aromática, panelita con lo requerido para servir (vasos desechables biodegradables, agitadores de madera y sobres de azúcar) para 100 personas. | C54: Global | D54: 1 | E54: 250000 | F54: N/A
A55: 1.11 | B55: HIDRATACIÓN 1 | C55: Global | D55: 1 | E55: 17000 | F55: N/A
B56: Botella de agua 600ml + chocolatina de leche x 12 gr - fruta (pera, manzana, granadilla, mandarina o de cosecha)"
A57: 1.12 | B57: Hidratación 2: botella de agua 600ml | C57: Unidad | D57: 1 | E57: 4000 | F57: N/A
A58: 2. INSUMOS Y LOGÍSTICA | C58: Unidad de Medida | D58: CANT | E58: Consolidado / Valor total IVA incluido
A59: 2.1 | B59: Alquiler de mesas en material de pasta especializada para eventos, capacidad para Seis (6) personas | C59: Unidad | D59: 1 | E59: 30000
A60: 2.2 | B60: Alquiler de mesas en material de vidrio especializada para eventos, capacidad para Seis (6) personas | C60: Unidad | D60: 1 | E60: 45000
A61: 2.3 | B61: Alquiler de silla plástica | C61: Unidad | D61: 1 | E61: 5000
A62: 2.4 | B62: Papel higiénico x 3 hojas, paquete x 12 unidades | C62: Paquete | D62: 1 | E62: 29000
A63: 2.5 | B63: Bolsa de basura paquete x 10 unidades | C63: Paquete | D63: 1 | E63: 25000
A64: 2.6 | B64: Servicio de logística a todo costo: incluye personal, transporte, materiales, montaje y desmontaje de auditorios y espacios, aseo y limpieza antes, durante y después de los eventos. | C64: Paquete | D64: 1 | E64: 550000
A65: 3. SERVICIO DE ALOJAMIENTO | C65: Unidad de Medida | D65: CANT | E65: Consolidado / Valor total IVA incluido
A66: 3.1 | B66: Habitación sencilla: (1) cama de 1,40 mts mínimo, baño privado y televisor. | C66: Unidad | D66: 1 | E66: 95000
A67: 3.2 | B67: Habitación sencilla: (2) camas de 1,20 mts mínimo, baño privado y televisor. | C67: Unidad | D67: 1 | E67: 140000
A68: 4. TRANSPORTE DE PERSONAL | C68: Unidad de Medida | D68: CANT | E68: Consolidado / Valor total IVA incluido
A69: 4.1 | B69: Corregimiento de Liberia (Charcón) | C69: Viaje | D69: 1 | E69: 5000000
A70: 4.2 | B70: Vereda Madreseca | C70: Viaje | D70: 1 | E70: 2700000
A71: 4.3 | B71: Vereda El Carmín | C71: Viaje | D71: 1 | E71: 2200000
A72: 4.4 | B72: Vereda Santo Domingo | C72: Viaje | D72: 1 | E72: 2200000
A73: 4.5 | B73: Vereda La Meseta | C73: Viaje | D73: 1 | E73: 2200000
A74: 4.6 | B74: Vereda El Roble | C74: Viaje | D74: 1 | E74: 1200000
A75: 4.7 | B75: Vereda La Casita | C75: Viaje | D75: 1 | E75: 2700000
A76: 5. INSUMOS, PAPELERIA Y EQUIPOS TECNOLOGICOS | C76: Unidad de Medida | D76: CANT | E76: Consolidado / Valor total IVA incluido
A77: 5.1 | B77: Computador mesa (Almacenamiento SSD de 1ther, RAM de 16, procesador Core ¡7 ultima generación o AMD ryzen 7, sistema operativo Windows 11) | C77: Unidad | D77: 1 | F77: 6819000
A78: 5.2 | B78: Computador portatil (Almacenamiento SSD de 1ther, RAM de 16, procesador Core ¡7 ultima generación o AMD ryzen 7, sistema operativo Windows 11) | C78: Unidad | D78: 1 | F78: 9280000
A79: 5.3 | B79: Remas de papel tamaño oficio | C79: Unidad | D79: 8 | F79: 296000
A80: 5.4 | B80: Remas de papel tamaño carta | C80: Unidad | D80: 5 | F80: 140000
A81: 5.5 | B81: Carpetas cuatro aletas | C81: Unidad | D81: 200 | F81: 760000
A82: 5.6 | B82: Tablas de apoyo tamaño oficio | C82: Unidad | D82: 10 | F82: 75000
A83: 5.7 | B83: Paquetes por 100 sobres de manila tamaño oficio | C83: Unidad | D83: 2 | F83: 110000
A84: 5.8 | B84: Paquetes por 100 sobres de manila tamaño carta | C84: Unidad | D84: 1 | F84: 35000
A85: 5.9 | B85: Paquetes por 100 sobres de manila tamaño mega oficio | C85: Unidad | D85: 1 | F85: 85000
A86: 5.10 | B86: Toner impresora RICOH M 320F | C86: Unidad | D86: 1 | F86: 560000
A87: 5.11 | B87: Unidad de imagen RICOH M 320F | C87: Unidad | D87: 1 | F87: 1315000
A88: 5.12 | B88: Caja lapiceros negros | C88: Unidad | D88: 1 | F88: 11500
... A105: 5.29 | B105: Arca Triclave 90cm alto x 80cm ancho x 80cm largo | C105: Unidad | D105: 1 | F105: 2610000
A106: TOTAL INSUMOS, PAPELERIA Y EQUIPOS TECNOLOGICOS | E106: 25424100

Sheet CONSOLIDADO_-_PRECIO_PROMEDIO
A1: CONSOLIDADO - FICHA TÉCNICA DE SERVICIOS Y PRODUCTOS
A2: ÍTEM | B2: DETALLE / PRODUCTO | C2: UNIDAD DE MEDIDA | D2: CANT | E2: Consolidado Promedio VALOR SERVIDO EN RESTAURANTE | F2: Consolidado Promedio Valor para llevar/servir en biodegradable
A3: 1. ALIMENTACIÓN
A4: 1.1 | B4: DESAYUNO 1 | C4: unidad | D4: 1 | E4: =(PROVEEDOR_No_1!E5+PROVEEDOR_No_2!E5+PROVEEDOR_No_3!E5)/3 -> 24166.667 | F4: =(PROVEEDOR_No_1!F5+PROVEEDOR_No_2!F5+PROVEEDOR_No_3!F5)/3 -> 27166.667
B5: Proteína 1: huevo cocido, frito o revuelto
B6: Proteína 2: queso, quesito o cuajada
B7: Carbohidrato: arepa o pan, o galletas o buñuelo
B8: Bebida: chocolate, café, café con leche o aguapanela
A9: 1.2 | B9: DESAYUNO 2 | C9: unidad | D9: 1 | E9: =(PROVEEDOR_No_1!E10+PROVEEDOR_No_2!E10+PROVEEDOR_No_3!E10)/3 -> 26833.333 | F9: =(PROVEEDOR_No_1!F10+PROVEEDOR_No_2!F10+PROVEEDOR_No_3!F10)/3 -> 30000
B10: Proteína 1: huevo cocido, frito o revuelto
B11: Proteína 2: carne de res o cerdo o pollo o chicharrón
B12: Proteína 3: queso, quesito o cuajada
B13: Carbohidrato 1: arepa o pan, o galletas o buñuelo
B14: Carbohidrato 2: arroz, calentado
B15: Bebida: chocolate, café, café con leche o aguapanela
A16: 1.3 | B16: ALMUERZO 1 | C16: unidad | D16: 1 | E16: =(PROVEEDOR_No_1!E17+PROVEEDOR_No_2!E17+PROVEEDOR_No_3!E17)/3 -> 28833.333 | F16: =(PROVEEDOR_No_1!F17+PROVEEDOR_No_2!F17+PROVEEDOR_No_3!F17)/3 -> 32000
B17: Proteína 1: (carne de res o cerdo, pollo o pescado)
B18: Proteína 2: (huevo cocido o frito)
B19: Carbohidrato 1: arroz
B20: Carbohidrato 2: (papa en migote, papas fritas o tajadas de maduro)
B21: Sopa: (frijoles, lentejas, arvejas, garbanzos, verduras, mondongo, pastas, guineo, patacón, sancocho, cremas o la sopa del día) Ensalada: (la del día) Bebida: (limonada, o jugo en agua, mazamorra o claro)
A22: 1.4 | B22: ALMUERZO 2: | C22: unidad | D22: 1 | E22: =(PROVEEDOR_No_1!E23+PROVEEDOR_No_2!E23+PROVEEDOR_No_3!E23)/3 -> 27166.667 | F22: =(PROVEEDOR_No_1!F23+PROVEEDOR_No_2!F23+PROVEEDOR_No_3!F23)/3 -> 30333.333
B23: Proteína 1: carne de res, cerdo o pollo o chicharrón.
B24: Carbohidrato1: arroz
B25: Sopa: compuesta con yuca, plátano, papa común y papa criolla
B26: Ensalada: la del día
B27: Acompañante: aguacate o banano o arepa
B28: Bebida: limonada, jugo natural, te, mazamorra o claro
A29: 1.5 | B29: CENA | C29: unidad | D29: 1 | E29: =(PROVEEDOR_No_1!E30+PROVEEDOR_No_2!E30+PROVEEDOR_No_3!E30)/3 -> 27333.333 | F29: =(PROVEEDOR_No_1!F30+PROVEEDOR_No_2!F30+PROVEEDOR_No_3!F30)/3 -> 30333.333
B30: Proteína 1: (carne de res o cerdo, pollo o pescado)
B31: Proteína 2: (huevo cocido o frito)
B32: Carbohidrato 1: arroz
B33: Carbohidrato 2: (papa en migote, papas fritas o tajadas de maduro)
B34: Sopa: (frijoles, lentejas, arvejas, garbanzos, verduras, mondongo, pastas, guineo, patacón, sancocho, cremas o la sopa del día)
B35: Ensalada: (la del día)
B36: Bebida: (limonada, jugo en agua, mazamorra o claro)
A37: 1.6 | B37: ALMUERZO O CENA ENVUELTO | C37: unidad | D37: 1 | E37: =(PROVEEDOR_No_1!E38+PROVEEDOR_No_2!E38+PROVEEDOR_No_3!E38)/3 -> 35000 | F37: =(PROVEEDOR_No_1!F38+PROVEEDOR_No_2!F38+PROVEEDOR_No_3!F38)/3 -> 38666.667
B38: Proteína 1: carne de res o cerdo o pollo o Chicharrón(2 opciones)
B39: Proteína 2: chorizo de cerdo, pollo o ternera
B40: Proteína 3: huevo cocido o frito
B41: Carbohidrato 1: arroz
B42: Carbohidrato 2: papa en migote, papas frita o migote de yuca
B43: Carbohidrato 3: tajadas de maduro o maduro calado
B44: Bebida: limonada, jugo natural o jugo con fruta o néctar o té
A45: 1.7 | B45: REFRIGERIO 1 | C45: unidad | D45: 1 | E45: =(PROVEEDOR_No_1!E46+PROVEEDOR_No_2!E46+PROVEEDOR_No_3!E46)/3 -> 18666.667 | F45: =(PROVEEDOR_No_1!F46+PROVEEDOR_No_2!F46+PROVEEDOR_No_3!F46)/3 -> 21666.667
B46: Solido 1: Sanduche de jamón y queso o pastel hojaldrado sencillo o palito de queso o pastel de pollo frito o porción de torta o productos de repostería o panadería.
B47: Liquido: jugo natural en agua, milo, chocolate o néctar o te
A48: 1.8 | B48: REFRIGERIO 2 | C48: unidad | D48: 1 | E48: =(PROVEEDOR_No_1!E49+PROVEEDOR_No_2!E49+PROVEEDOR_No_3!E49)/3 -> 22000 | F48: =(PROVEEDOR_No_1!F49+PROVEEDOR_No_2!F49+PROVEEDOR_No_3!F49)/3 -> 24666.667
B49: Opción 1: Sanduche de pollo con verduras, pastel hojaldrado de pollo con verduras, patacón con carne desmechada, fajitas, porción de pollo asado con papa y arepa o chorizo con papa y arepa
B50: Opción 2: ensalada de frutas con helado
B51: Liquido: jugo natural en agua, milo frio o caliente, chocolate o néctar o té
A52: 1.9 | B52: *Opción de refrigerio: salpicón con helado | C52: unidad | D52: 1 | E52: =(PROVEEDOR_No_1!E53+PROVEEDOR_No_2!E53+PROVEEDOR_No_3!E53)/3 -> 16166.667 | F52: =(PROVEEDOR_No_1!F53+PROVEEDOR_No_2!F53+PROVEEDOR_No_3!F53)/3 -> 19000
A53: 1.10 | B53: Estación de café: café, aromática, panelita con lo requerido para servir (vasos desechables biodegradables, agitadores de madera y sobres de azúcar) para 100 personas. | C53: Global | D53: 1 | E53: =(PROVEEDOR_No_1!E54+PROVEEDOR_No_2!E54+PROVEEDOR_No_3!E54)/3 -> 250000 | F53: N/A
A54: 1.11 | B54: HIDRATACIÓN 1 | C54: Global | D54: 1 | E54: 16166.667 | F54: N/A
B55: Botella de agua 600ml + chocolatina de leche x 12 gr - fruta (pera, manzana, granadilla, mandarina o de cosecha)"
A56: 1.12 | B56: Hidratación 2: botella de agua 600ml | C56: Unidad | D56: 1 | E56: =(PROVEEDOR_No_1!E57+PROVEEDOR_No_2!E57+PROVEEDOR_No_3!E57)/3 -> 4000 | F56: N/A
A57: 2. INSUMOS Y LOGÍSTICA | C57: Unidad de Medida | D57: CANT | E57: Consolidado / Valor total IVA incluido
A58: 2.1 | B58: Alquiler de mesas en material de pasta especializada para eventos, capacidad para Seis (6) personas | C58: Unidad | D58: 1 | E58: =(PROVEEDOR_No_1!E59+PROVEEDOR_No_2!E59+PROVEEDOR_No_3!E59)/3 -> 30000
A59: 2.2 | B59: Alquiler de mesas en material de vidrio especializada para eventos, capacidad para Seis (6) personas | C59: Unidad | D59: 1 | E59: =(PROVEEDOR_No_1!E60+PROVEEDOR_No_2!E60+PROVEEDOR_No_3!E60)/3 -> 45000
A60: 2.3 | B60: Alquiler de silla plástica | C60: Unidad | D60: 1 | E60: =(PROVEEDOR_No_1!E61+PROVEEDOR_No_2!E61+PROVEEDOR_No_3!E61)/3 -> 5000
A61: 2.4 | B61: Papel higiénico x 3 hojas, paquete x 12 unidades | C61: Paquete | D61: 1 | E61: =(PROVEEDOR_No_1!E62+PROVEEDOR_No_2!E62+PROVEEDOR_No_3!E62)/3 -> 29000
A62: 2.5 | B62: Bolsa de basura paquete x 10 unidades | C62: Paquete | D62: 1 | E62: =(PROVEEDOR_No_1!E63+PROVEEDOR_No_2!E63+PROVEEDOR_No_3!E63)/3 -> 25000
A63: 2.6 | B63: Servicio de logística a todo costo: incluye personal, transporte, materiales, montaje y desmontaje de auditorios y espacios, aseo y limpieza antes, durante y después de los eventos. | C63: Paquete | D63: 1 | E63: =(PROVEEDOR_No_1!E64+PROVEEDOR_No_2!E64+PROVEEDOR_No_3!E64)/3 -> 550000
A64: 3. SERVICIO DE ALOJAMIENTO | C64: Unidad de Medida | D64: CANT | E64: Consolidado / Valor total IVA incluido
A65: 3.1 | B65: Habitación sencilla: (1) cama de 1,40 mts mínimo, baño privado y televisor. | C65: Unidad | D65: 1 | E65: =(PROVEEDOR_No_1!E66+PROVEEDOR_No_2!E66+PROVEEDOR_No_3!E66)/3 -> 95000
A66: 3.2 | B66: Habitación sencilla: (2) camas de 1,20 mts mínimo, baño privado y televisor. | C66: Unidad | D66: 1 | E66: =(PROVEEDOR_No_1!E67+PROVEEDOR_No_2!E67+PROVEEDOR_No_3!E67)/3 -> 140000
A67: 4. TRANSPORTE DE PERSONAL | C67: Unidad de Medida | D67: CANT | E67: Consolidado / Valor total IVA incluido
A68: 4.1 | B68: Corregimiento de Liberia (Charcón) | C68: Viaje | D68: 1 | E68: =(PROVEEDOR_No_1!E69+PROVEEDOR_No_2!E69+PROVEEDOR_No_3!E69)/3 -> 4950000
A69: 4.2 | B69: Vereda Madreseca | C69: Viaje | D69: 1 | E69: =(PROVEEDOR_No_1!E70+PROVEEDOR_No_2!E70+PROVEEDOR_No_3!E70)/3 -> 2700000
A70: 4.3 | B70: Vereda El Carmín | C70: Viaje | D70: 1 | E70: =(PROVEEDOR_No_1!E71+PROVEEDOR_No_2!E71+PROVEEDOR_No_3!E71)/3 -> 2150000
A71: 4.4 | B71: Vereda Santo Domingo | C71: Viaje | D71: 1 | E71: =(PROVEEDOR_No_1!E72+PROVEEDOR_No_2!E72+PROVEEDOR_No_3!E72)/3 -> 2133333.3
A72: 4.5 | B72: Vereda La Meseta | C72: Viaje | D72: 1 | E72: =(PROVEEDOR_No_1!E73+PROVEEDOR_No_2!E73+PROVEEDOR_No_3!E73)/3 -> 2133333.3
A73: 4.6 | B73: Vereda El Roble | C73: Viaje | D73: 1 | E73: =(PROVEEDOR_No_1!E74+PROVEEDOR_No_2!E74+PROVEEDOR_No_3!E74)/3 -> 1166666.7
A74: 4.7 | B74: Vereda La Casita | C74: Viaje | D74: 1 | E74: =(PROVEEDOR_No_1!E75+PROVEEDOR_No_2!E75+PROVEEDOR_No_3!E75)/3 -> 2666666.7
A75: 5. INSUMOS, PAPELERIA Y EQUIPOS TECNOLOGICOS | C75: Unidad de Medida | D75: CANT | E75: Consolidado / Valor total IVA incluido
A76: 5.1 | B76: Computador mesa (Almacenamiento SSD de 1ther, RAM de 16, procesador Core ¡7 ultima generación o AMD ryzen 7, sistema operativo Windows 11) | C76: Unidad | D76: 1 | F76: =(PROVEEDOR_No_1!F77+PROVEEDOR_No_2!F77+PROVEEDOR_No_3!F77)/3 -> 6819000
A77: 5.2 | B77: Computador portatil (Almacenamiento SSD de 1ther, RAM de 16, procesador Core ¡7 ultima generación o AMD ryzen 7, sistema operativo Windows 11) | C77: Unidad | D77: 1 | F77: =(PROVEEDOR_No_1!F78+PROVEEDOR_No_2!F78+PROVEEDOR_No_3!F78)/3 -> 9280000
A78: 5.3 | B78: Remas de papel tamaño oficio | C78: Unidad | D78: 8 | F78: =(PROVEEDOR_No_1!F79+PROVEEDOR_No_2!F79+PROVEEDOR_No_3!F79)/3 -> 296000
A79: 5.4 | B79: Remas de papel tamaño carta | C79: Unidad | D79: 5 | F79: =(PROVEEDOR_No_1!F80+PROVEEDOR_No_2!F80+PROVEEDOR_No_3!F80)/3 -> 140000
A80: 5.5 | B80: Carpetas cuatro aletas | C80: Unidad | D80: 200 | F80: =(PROVEEDOR_No_1!F81+PROVEEDOR_No_2!F81+PROVEEDOR_No_3!F81)/3 -> 760000
A81: 5.6 | B81: Tablas de apoyo tamaño oficio | C81: Unidad | D81: 10 | F81: =(PROVEEDOR_No_1!F82+PROVEEDOR_No_2!F82+PROVEEDOR_No_3!F82)/3 -> 75000
A82: 5.7 | B82: Paquetes por 100 sobres de manila tamaño oficio | C82: Unidad | D82: 2 | F82: =(PROVEEDOR_No_1!F83+PROVEEDOR_No_2!F83+PROVEEDOR_No_3!F83)/3 -> 110000
A83: 5.8 | B83: Paquetes por 100 sobres de manila tamaño carta | C83: Unidad | D83: 1 | F83: =(PROVEEDOR_No_1!F84+PROVEEDOR_No_2!F84+PROVEEDOR_No_3!F84)/3 -> 35000
A84: 5.9 | B84: Paquetes por 100 sobres de manila tamaño mega oficio | C84: Unidad | D84: 1 | F84: =(PROVEEDOR_No_1!F85+PROVEEDOR_No_2!F85+PROVEEDOR_No_3!F85)/3 -> 85000
A85: 5.10 | B85: Toner impresora RICOH M 320F | C85: Unidad | D85: 1 | F85: =(PROVEEDOR_No_1!F86+PROVEEDOR_No_2!F86+PROVEEDOR_No_3!F86)/3 -> 560000
A86: 5.11 | B86: Unidad de imagen RICOH M 320F | C86: Unidad | D86: 1 | F86: =(PROVEEDOR_No_1!F87+PROVEEDOR_No_2!F87+PROVEEDOR_No_3!F87)/3 -> 1315000
A87: 5.12 | B87: Caja lapiceros negros | C87: Unidad | D87: 1 | F87: =(PROVEEDOR_No_1!F88+PROVEEDOR_No_2!F88+PROVEEDOR_No_3!F88)/3 -> 11500
... A104: 5.29 | B104: Arca Triclave 90cm alto x 80cm ancho x 80cm largo | C104: Unidad | D104: 1 | F104: =(PROVEEDOR_No_1!F105+PROVEEDOR_No_2!F105+PROVEEDOR_No_3!F105)/3 -> 2610000
A105: TOTAL INSUMOS, PAPELERIA Y EQUIPOS TECNOLOGICOS | E105: =(PROVEEDOR_No_1!E106+PROVEEDOR_No_2!E106+PROVEEDOR_No_3!E106)/3 -> 25424100 | F105: =(PROVEEDOR_No_1!F106+PROVEEDOR_No_2!F106+PROVEEDOR_No_3!F106)/3 -> 0
A107: NOTA 1: Se pone como cantidad de referencia “1”, no obstante, la misma depende de la necesidad presentada, así como de lo requerido por la Registraduría para el correcto desarrollo de las elecciones.
A109: NOTA 2: el precio de los alimentos se cotiza para llevar en biodegradable, puesto que todos son para llevar a los puestos de votación.
A111: NOTA 3: el transporte se cotiza de ida y regreso a todas las rutas y para esperar a los jurados y delegados hasta terminar la jornada.
A113: Se tendrá en cuenta al momento de adjudicar los precios presentados por cada uno de los proveedores respecto a cada ítem enunciado en la ficha técnica, teniendo presente calidad y reconocimiento en el mercado de dichos productos, lo anterior teniendo presente que no es un suministro con cantidades especificas sino hasta agotar presupuesto, por lo cual se adjudicara el presupuesto oficial completo.
